 Dungeon Crawl Stone Soup version 0.29-a0-838-g385bb11a5b (webtiles) character file.

Game seed: 15681495109183834460

67 IdlyInterested the Cudgeller (level 4, 0/33 HPs)
             Began as a Demonspawn Gladiator on July 13, 2022.
             Slain by a goblin
             ... wielding a +0 club
             ... led by Robin
              (2 damage)
             ... on level 2 of the Dungeon.
             The game lasted 00:04:33 (1977 turns).

IdlyInterested the Cudgeller (Demonspawn Gladiator) Turns: 1977, Time: 00:04:34

Health: 0/33       AC:  5    Str: 16    XL:     4   Next: 0%
Magic:  4/4        EV: 11    Int:  9    God:
Gold:   154        SH:  4    Dex: 15    Spells: 3/3 levels left

rFire   . . .      SeeInvis .   a - +1 flail
rCold   + . .      Faith    .   (no shield)
rNeg    . . .      Spirit   .   c - +0 ring mail
rPois   .          Reflect  .   (helmet restricted)
rElec   .          Harm     .   (no cloak)
rCorr   .          Rampage  .   (no gloves)
Will    .....                   (no boots)
Stlth   +.........              (no amulet)
HPRegen 0.11/turn               j - ring of protection from cold
MPRegen 0.09/turn               (no ring)

@: no status effects
A: horns 1, condensation shield
a: no special abilities


You were on level 2 of the Dungeon.
You visited 1 branch of the dungeon, and saw 2 of its levels.

You collected 154 gold pieces.

Inventory:

Hand Weapons
 a - a +1 flail (weapon)
Missiles
 d - 3 throwing nets
 e - a javelin (quivered)
Armour
 c - a +0 ring mail (worn)
Jewellery
 h - an amulet of faith
 j - a ring of protection from cold (left hand)
Scrolls
 i - a scroll of blinking {unknown}
 l - a scroll of identify
Potions
 b - 2 potions of lignification {unknown}
 f - a potion of haste {unknown}
 g - a potion of cancellation {unknown}
 k - a potion of curing
 m - a potion of attraction {unknown}


   Skills:
 - Level 2.0 Fighting
 + Level 3.2 Maces & Flails
 - Level 2.0 Throwing
 * Level 2.2 Armour
 - Level 3.0 Dodging
 + Level 0.3 Stealth


You had 3 spell levels left.
You didn't know any spells.
Your spell library contained the following spells:

 Spells                   Type           Power      Damage    Failure   Level
 Iskenderun's Battlesphe  Conj           0%         2d6       100%        5
 Iron Shot                Conj/Erth      0%         9d1       100%        6
 Spellforged Servitor     Conj/Summ      0%         N/A       100%        7


Dungeon Overview and Level Annotations

Branches:
Dungeon (2/15)

Altars:

Shops:
D:2 [


Innate Abilities, Weirdness & Mutations

You have a pair of small horns on your head.
A meltable shield of frost defends you. (SH +4)


Message History

Press: ? - help, Shift-Dir - straight line, f/p - Robin
Aim: Robin, wielding a +0 falchion, wearing a +0 animal skin and wearing a +0 helmet (68% to hit)
You throw a javelin.
The javelin completely misses the goblin.
The javelin closely misses Robin.
The hobgoblin shouts!
The javelin pierces through the hobgoblin!
You kill the hobgoblin!
Robin throws the goblin at you! The goblin closely misses you.
The goblin hits you with a +0 club.
Robin flexes a bicep menacingly.
You barely miss the goblin.
The goblin hits you but does no damage. x2
You miss the goblin. The goblin misses you. The goblin completely misses you.
The goblin hits you but does no damage.
You closely miss the goblin. Your headbutt misses the goblin.
The goblin misses you. The goblin completely misses you.
The goblin hits you with a +0 club.
You sock the goblin!
You kill the goblin!
The goblin barely misses you. Robin closely misses you.
You hit Robin. You headbutt Robin!
Robin is severely wounded.
The goblin hits you with a +0 club. Robin hits you with a +0 falchion.
You closely miss Robin.
Robin is severely wounded.
The goblin closely misses you.
You thump Robin!
You kill Robin!
The goblin barely misses you. The goblin hits you with a +0 club.
* * * LOW HITPOINT WARNING * * *
You have reached level 4!
You feel agile.
Your demonic ancestry asserts itself...
Frost condenses into a shield before you.
You barely miss the goblin. You headbutt the goblin.
The goblin is heavily wounded.
The goblin no longer looks unusually strong.
The goblin hits you with a +0 dagger.
* * * LOW HITPOINT WARNING * * *
The goblin hits you with a +0 club.
You die...

....####..#.....<....##.##.##.##.
....## #..#......###....##.#..#..
.....###..#............##........
.......#..#.............#...##÷#.
.#####............####...........
....###..#........####........<..
..⌠†⌠##..##.#......##............
#..∩.###..#...####.##............
#.⌠.⌠..........g@g...............
##............)#####.............
####...........................#
#....(.(.......)....#.#..##.# .
####.##............##.#...... ..
###.#............##....##... ...
##.g............#........#.##
....#.g.#...###.....###....#...).
g.....g......÷.....##......##....


You could see 2 goblins.

Vanquished Creatures
  Robin (D:2)
  An adder (D:2)
  2 dart slugs
  A bat (D:1)
  5 endoplasms
  A giant cockroach (D:1)
  4 hobgoblins
  2 ball pythons
  A frilled lizard (D:2)
  15 goblins
  A kobold (D:1)
  2 rats
36 creatures vanquished.

Vanquished Creatures (collateral kills)
  A bat (D:2)
  An endoplasm (D:2)
  A goblin (D:2)
3 creatures vanquished.

Vanquished Creatures (others)
  4 plants (D:2)
4 creatures vanquished.

Grand Total: 43 creatures vanquished

Notes
Turn   | Place    | Note
-------+----------+-------------------------------------------
     0 | D:1      | IdlyInterested the Demonspawn Gladiator began the quest for
                  | the Orb.
     0 | D:1      | Reached XP level 1. HP: 16/16 MP: 1/1
   577 | D:1      | Reached skill level 1 in Armour
   577 | D:1      | Gained mutation: You have a pair of small horns on your
                  | head. [demonic ancestry]
   577 | D:1      | Reached XP level 2. HP: 16/22 MP: 2/2
  1513 | D:2      | Reached XP level 3. HP: 21/27 MP: 3/3
  1858 | D:2      | Found Acrux's Antique Armour Shoppe.
  1910 | D:2      | Found a faded altar of an unknown god.
  1948 | D:2      | Noticed Robin
  1976 | D:2      | Killed Robin
  1977 | D:2      | Gained mutation: A meltable shield of frost defends you.
                  | (SH +4) [demonic ancestry]
  1977 | D:2      | Reached XP level 4. HP: 4/33 MP: 4/4
  1977 | D:2      | Slain by a goblin

Illustrated notes

Levels and vault maps discovered:
D:1:      eino_arrival_cavern_d, layout_rooms, serial_co_window_serial,
          co_window_corner_a, co_window_paths_a, co_window_corner_a,
          co_window_paths_a, co_window_corner_a, co_window_corner_a,
          co_window_corner_a, co_window_corner_b, co_window_cross_4,
          co_window_2corner, co_window_unsneaky_path_e, co_window_4corner_a
D:2:      cheibrodos_old_hovel, layout_rooms,
          hellmonk_ecumenical_altar_pennies_from_heaven, serial_shops,
          shop_fountains, minmay_misc_feat_x, minmay_misc_feat_diagonals,
          uniq_robin

Skill      XL: |  1  2  3 |
---------------+----------+-----
Throwing       | 2 |  2.0
Armour         | 1 2 |  2.2
Maces & Flails | 3 |  3.2
Dodging        | 3 |  3.0
Fighting       | |  2.0
Stealth        | |  0.3

Action                   |  1- 3 |  4- 6 || total
-------------------------+-------+-------++-------
Melee: Flail             |    95 |     1 ||    96
       Headbutt          |     9 |     1 ||    10
Throw: Javelin           |     4 |       ||     4
  Use: Scroll            |     5 |       ||     5
Armor: Leather armour    |     2 |       ||     2
       Ring mail         |    33 |       ||    33
Dodge: Dodged            |    67 |       ||    67

Table legend: (Time is in decaauts)
 A = Elapsed time spent in this place.
 B = Non-inter-level travel time spent in this place.
 C = Inter-level travel time spent in this place.
 D = Time resting spent in this place.
 E = Time spent auto-exploring this place.
 F = Levels seen in this place.
 G = Mean time per level.
                   A        B        C        D        E       F      G
               +--------+--------+--------+--------+--------+-----+--------+
         Total |   2001 |   1953 |     48 |    203 |   1361 |   2 | 1000.5 |
       Dungeon |   2001 |   1953 |     48 |    203 |   1361 |   2 | 1000.5 |
               +--------+--------+--------+--------+--------+-----+--------+

Top non-repeatable levels by time:
     D:1: 1335 daAuts
     D:2: 666 daAuts
